Map: Ley Lines

Players

Sindyr

  • Race: Terran Terran
  • League: Master
  • Spawn Location: 7:00

CHEESEtroll - Winner!

  • Race: Terran Terran
  • League: Master
  • Spawn Location: 1:00

VOD

Have the link to the VOD?

Description

Time

  • Played on: Sept. 24, 2025, 6:36 p.m.
  • Length: 11:54
Show
View Real Time Build Order
Export as new Build Order

Sindyr Terran 

Build Orders:  

Get SALT Encoding   

  12  0:02  SCV  
  13  0:14  SCV  
  13  0:18  Supply Depot  
  14  0:26  SCV  
  15  0:39  SCV  
  16  0:43  Barracks  
  16  0:48  Refinery  
  16  0:52  SCV  
  17  1:04  SCV  
  18  1:16  SCV  
  19  1:30  Orbital Command  
  19  1:41  Command Center  
  19  1:48  Barracks Reactor  
  19  1:58  Supply Depot  
  19  2:00  SCV  
  20  2:12  SCV  
  21  2:16  Barracks  
  21  2:24  SCV  
  22  2:34  Factory  
  22  2:36  Marine x2  
  24  2:39  SCV  
  25  2:45  Refinery  
  25  2:51  SCV  
  25  2:53  Marine  
  25  2:54  Engineering Bay  
  27  3:02  Orbital Command  
  27  3:03  SCV  
  28  3:15  SCV  
  28  3:19  Barracks Tech Lab  
  29  3:24  Factory Reactor  
  29  3:28  SCV  
  29  3:29  Starport  
  29  3:32  SCV  
  31  3:40  SCV  
  32  3:44  SCV  
  33  3:49  Missile Turret x2  
  33  3:50  Terran Infantry Weapons Level 1  
  33  3:51  Missile Turret  
  33  3:52  SCV  
  34  3:56  SCV  
  35  4:13  Command Center  
  35  4:19  SCV x2  
  37  4:31  SCV  
  37  4:32  SCV  
  37  4:33  Supply Depot, Factory Tech Lab  
  37  4:35  Supply Depot  
  37  4:37  Marine x3  
  42  4:41  Medivac  
  42  4:43  SCV  
  42  4:44  SCV  
  46  4:54  Medivac  
  46  4:55  Marine  
  46  4:56  SCV, Supply Depot  
  46  4:59  Supply Depot  
  50  5:00  Marine  
  50  5:01  Marauder  
  53  5:08  Supply Depot  
  53  5:11  Supply Depot  
  53  5:13  Marine  
  54  6:00  Medivac x2  
  58  6:11  Barracks  
  58  6:15  Barracks x2  
  58  6:16  Barracks, Planetary Fortress  
  58  6:18  Barracks  
  58  6:19  Barracks  
  58  6:22  Barracks  
  58  6:26  SCV x2  
  58  6:31  Refinery  
  60  6:33  Refinery  
  60  6:38  SCV x2  
  62  6:50  SCV x2  
  64  6:56  Refinery  
  64  6:58  SCV  
  65  7:02  SCV x2  
  65  7:07  Barracks Tech Lab  
  65  7:08  Barracks Reactor  
  66  7:10  SCV  
  66  7:13  Marine x4, Marauder  
  66  7:14  Marine x3, SCV x2  
  78  7:17  Siege Tank  
  78  7:18  Medivac x2  
  78  7:22  SCV  
  86  7:26  SCV x2  
  85  7:30  Marine  
  85  7:31  Marine x4  
  85  7:32  Marine x2  
  85  7:34  SCV  
  85  7:35  Marauder  
  85  7:37  Marine  
  83  7:38  SCV x2  
  80  7:48  Marine  
  80  7:49  Marine x6  
  86  7:54  Marine  
  86  7:56  Marauder  
  85  7:59  SCV x3  
  84  8:06  Marine  
  84  8:07  Marine  
  84  8:11  SCV  
  84  8:13  Barracks Reactor x4  
  84  8:14  Barracks Tech Lab  
  84  8:18  Marauder  
  84  8:19  Stimpack  
  86  8:21  Combat Shield  
  86  8:32  Armory  
  86  8:39  Marauder  
  88  8:47  Medivac  
  90  8:49  Marine x8  
  90  8:50  Marine x5, Marauder  
  105  9:00  Marauder  
  105  9:01  Terran Infantry Armor Level 1  
  107  9:06  Marine  
  107  9:07  Marine  
  109  9:17  Marine x3  
  109  9:18  Marine x2, Marauder  
  109  9:19  Marauder  
  109  9:22  Marauder  
  96  9:30  Marine x2  
  96  9:31  Marine x4  
  90  9:36  Marine x2  
  90  9:37  Marine x4  
  86  9:40  Marauder  
  86  9:41  Marauder  
  86  9:43  Marauder  
  91  9:47  SCV  
  91  9:48  Marine x2  
  94  9:59  SCV  
  95  10:01  Marauder  
  95  10:02  Marauder  
  95  10:04  Marauder  
  101  10:11  SCV, Marine  
  101  10:12  Marine x6  
  109  10:20  Supply Depot  
  109  10:22  Supply Depot  
  109  10:24  Supply Depot  
  109  10:25  Refinery  
  109  10:36  Marauder  
  109  10:38  Marine x2, Supply Depot x2  
  109  10:40  Marine  
  109  10:42  Marine x6, Marauder  
  116  10:44  Marauder, Marine  
  116  10:45  Marine x2  
  121  10:56  Marine x2  
  127  10:58  Marine, Marauder  
  127  11:00  Marine x2  
  127  11:04  Marauder  
  119  11:05  Marauder  
  119  11:10  Marine x4  
  119  11:11  Marine x2  
  118  11:14  Marine  
  120  11:19  Marauder  
  120  11:25  Marauder  
  120  11:27  Marauder, Marine x2  
  120  11:28  Marine x2  
Show
View Real Time Build Order
Export as new Build Order

CHEESEtroll Terran - Winner!

Build Orders:  

Get SALT Encoding   

  12  0:00  SCV  
  13  0:13  SCV  
  14  0:20  Supply Depot  
  14  0:25  SCV  
  15  0:42  SCV  
  16  0:47  Refinery  
  16  0:49  Barracks  
  16  0:54  SCV  
  17  1:06  SCV  
  19  1:18  SCV  
  19  1:27  Supply Depot  
  19  1:31  SCV  
  20  1:36  Barracks Reactor  
  20  1:43  SCV  
  21  1:49  Command Center  
  21  1:57  Orbital Command  
  21  2:09  Barracks  
  21  2:16  Marine x2  
  23  2:24  SCV  
  24  2:36  SCV  
  25  2:40  Barracks  
  25  2:41  Marine  
  25  2:42  Marine  
  27  2:51  SCV  
  28  2:59  Marine x2  
  31  3:07  Orbital Command  
  31  3:09  SCV  
  31  3:15  Bunker  
  31  3:17  Marine x2  
  33  3:20  Factory, Barracks Tech Lab  
  33  3:21  SCV  
  34  3:31  Refinery, Barracks Tech Lab  
  34  3:35  Marine  
  34  3:39  Marine  
  36  3:41  Stimpack  
  36  3:42  Supply Depot  
  36  3:46  SCV  
  36  3:47  SCV  
  38  3:53  Marine  
  39  3:58  Marine, SCV  
  39  3:59  Refinery  
  39  4:01  Marine  
  42  4:05  Combat Shield  
  42  4:10  SCV, Marine  
  42  4:14  SCV  
  45  4:19  Supply Depot  
  45  4:22  SCV  
  45  4:23  Supply Depot, Factory Reactor  
  46  4:27  SCV  
  46  4:30  Marine x4  
  51  4:38  Starport  
  51  4:40  SCV x2  
  53  4:51  Marine  
  53  4:52  Marine x3  
  57  4:57  Supply Depot, Engineering Bay  
  57  5:09  Marine  
  57  5:12  Marine x3  
  57  5:13  SCV  
  57  5:14  SCV  
  63  5:26  Factory Tech Lab, SCV x2  
  63  5:27  Marine, Terran Infantry Weapons Level 1  
  66  5:29  Barracks  
  66  5:30  Marine x2  
  66  5:32  Barracks  
  68  5:37  Supply Depot, Marine  
  68  5:38  SCV  
  68  5:40  SCV  
  71  5:45  Marine  
  71  5:47  Marine  
  71  5:48  Marine  
  71  5:49  Siege Tank  
  77  5:58  Medivac x2  
  77  5:59  Supply Depot  
  81  6:07  SCV x2  
  83  6:16  Refinery, Marine  
  83  6:17  Marine x2  
  86  6:20  Marine  
  86  6:21  SCV x2  
  86  6:23  Supply Depot  
  86  6:25  Supply Depot  
  89  6:30  Missile Turret  
  89  6:33  SCV x2  
  89  6:34  Marine x2  
  89  6:37  Missile Turret  
  89  6:38  Marine  
  94  6:44  Marine  
  94  6:45  SCV x2  
  97  6:48  Supply Depot  
  97  6:52  Marine x2  
  99  6:54  Siege Tank  
  99  6:56  Marine  
  99  6:57  Medivac x2  
  107  7:10  Marine x3  
  107  7:14  Marine  
  111  7:16  Supply Depot  
  111  7:22  Supply Depot  
  111  7:28  Marine x3  
  113  7:31  Barracks Reactor  
  113  7:32  Marine  
  113  7:36  Barracks Reactor  
  113  7:37  Factory  
  113  7:39  Medivac  
  113  7:41  SCV x2  
  110  7:45  Marine  
  110  7:46  Marine x2, Supply Depot  
  110  7:49  Marine  
  104  7:53  SCV x2  
  96  8:03  Marine  
  93  8:14  Marine x3  
  96  8:21  Marine  
  96  8:25  Siege Tank  
  100  8:32  Marine x3  
  103  8:39  Marine  
  104  8:50  Marine x3  
  107  8:57  Marine, Siege Tank  
  107  9:02  Command Center  
  111  9:03  Marine  
  111  9:04  Marine x3  
  111  9:06  Factory Tech Lab  
  111  9:07  Marine  
  111  9:08  Marine x2, Starport  
  118  9:14  Marine  
  118  9:21  Marine  
  118  9:22  Marine x3  
  110  9:25  Marine x2  
  110  9:26  Marine  
  109  9:32  Marine  
  106  9:39  Marine x2  
  108  9:55  Marine  
  108  9:56  Marine x5  
  108  9:57  Marine x2  
  116  10:13  Marine x2  
  116  10:14  Marine x2  
  119  10:17  Marine  
  119  10:18  Marine x3  
  124  10:30  SCV x2  
  124  10:31  Marine x4  
  124  10:35  Marine x2  
  130  10:36  Marine x2  
  132  10:49  Marine x2  
  114  11:12  Marine x2  
  114  11:13  Marine x6  
  122  11:30  Marine x4  
  122  11:31  Marine x3  
Tags
 
Matchup
TvT
Race
Terran
Replay Pack
Multiplayer
Spawn Locations
Cross Positions
Add a new tag
Caveats
  • Supply blocks, unpowered buildings, or Contaminate may cause inaccurate times.
  • Supply counts are checked every 10 seconds.